 Dungeon Crawl Stone Soup version 0.20.0-15-g7f486f2 (webtiles) character file.

2779 Gargoyl the Cleaver (level 9, -2/74 HPs)
             Began as a Grey Draconian Abyssal Knight on June 18, 2017.
             Was an Elder of Lugonu.
             Slain by an orc warrior
             ... wielding a +0 trident
              (7 damage)
             ... in a bailey.
             The game lasted 00:16:19 (8607 turns).

Gargoyl the Cleaver (Grey Draconian Abyssal Knight) Turns: 8607, Time: 00:16:19

Health: -2/74      AC: 15    Str: 27    XL:     9   Next: 42%
Magic:  13/13      EV: 15    Int: 13    God:    Lugonu [****..]
Gold:   551        SH:  0    Dex: 13    Spells: 8/8 levels left

rFire    + . .     SeeInvis .   r - +1 war axe (chop)
rCold    + + .     Gourm    .   (no shield)
rNeg     . . .     Faith    +   (armour unavailable)
rPois    .         Spirit   .   (helmet restricted)
rElec    .         Reflect  .   (no cloak)
rCorr    .         Harm     .   y - +0 pair of gloves
MR       .....                  (no boots)
Stlth    +++.......             F - amulet "Piuje" {Faith rF+ rC++ Str+2}
Regen    0.3/turn               x - +2 ring of protection
MPRegen  0.2/turn               p - +5 ring of strength

@: mighty, invisible
A: walk through water, unfitting armour, unbreathing, cold-blooded, AC +12
a: Depart the Abyss, Bend Space, Banish, Corrupt, Renounce Religion


You were in a bailey.
You worshipped Lugonu.
Lugonu was greatly pleased with you.
You were not hungry.

You visited 1 branch of the dungeon, and saw 7 of its levels.
You visited the Abyss 1 time.
You also visited: Sewer, Ossuary and Bailey.

You collected 551 gold pieces.

Inventory:

Hand Weapons
 a - a +2 hand axe
 r - a +1 war axe of chopping (weapon)
Missiles
 m - 3 javelins of returning (quivered)
Armour
 y - a +0 pair of gloves (worn)
Jewellery
 c - an uncursed ring of positive energy
 p - a +5 ring of strength (right hand)
 u - an uncursed ring of protection from cold
 x - a +2 ring of protection (left hand)
 F - the amulet "Piuje" (around neck) {Faith rF+ rC++ Str+2}
   (You found it on level 6 of the Dungeon)

   [amulet of faith]

   It allows you to gain divine favour quickly.
   It affects your strength (+2).
   It protects you from fire.
   It greatly protects you from cold.
Wands
 B - a wand of flame (42/48)
Scrolls
 d - a scroll of identify
 i - 9 scrolls of teleportation
 s - 3 scrolls of remove curse
 C - a scroll of amnesia
Potions
 e - 3 potions of agility
 h - a potion of magic {unknown}
 j - 2 potions of might
 k - 2 potions of curing
 n - 2 potions of haste {unknown}
 o - 4 potions of resistance
 q - 2 potions of invisibility
 t - 2 potions of brilliance
 v - a potion of lignification {unknown}
 w - 2 potions of flight
Books
 A - a book of Callings

   Spells                             Type                      Level
   a - Summon Small Mammal            Summoning                    1
   b - Call Imp                       Summoning                    2
   c - Call Canine Familiar           Summoning                    3
   d - Summon Guardian Golem          Hexes/Summoning              3
   e - Summon Lightning Spire         Summoning/Air                4
   f - Summon Ice Beast               Ice/Summoning                4
 E - a book of Cantrips

   Spells                             Type                      Level
   a - Confusing Touch                Hexes                        1
   b - Animate Skeleton               Necromancy                   1
   c - Summon Small Mammal            Summoning                    1
   d - Apportation                    Translocation                1
Comestibles
 b - 6 bread rations
 f - 11 fruits
 g - 4 meat rations
 l - 3 royal jellies


   Skills:
 + Level 5.5 Fighting
 + Level 8.4 Axes
 + Level 0.1 Throwing
 * Level 6.1 Dodging
 * Level 4.4 Stealth
 * Level 5.7 Invocations


You had 8 spell levels left.
You didn't know any spells.

Dungeon Overview and Level Annotations

Branches:
Dungeon (7/15)             Temple (0/1) D:6

Altars:
Ashenzari
Hepliaklqana
Ru
Trog
Xom


Innate Abilities, Weirdness & Mutations

You can walk through water.
Your dull iron-grey scales are very hard. (AC +12)
You cannot fit into any form of body armour.
You can survive without breathing.
You are cold-blooded and may be slowed by cold attacks.


Message History

Unknown command.
You feel very mighty all of a sudden. The orc misses you.
The orc barely misses you.
The orc warrior hits you with a trident!!
* * * LOW HITPOINT WARNING * * *
You feel better. The orc closely misses you. The orc barely misses you.
The orc warrior hits you but does no damage.
The orc warrior closely misses you.
The orc warrior hits you from afar with a trident.
* * * LOW HITPOINT WARNING * * *
The orc barely misses you. The orc hits you but does no damage.
You feel better.
The orc warrior hits you from afar with a trident!
* * * LOW HITPOINT WARNING * * *
The orc hits you with a trident.
* * * LOW HITPOINT WARNING * * *
The orc barely misses you.
You fade into invisibility!
The orc warrior hits you from afar with a trident!
You die...

≈≈≈≈≈≈......'..#.≈.≈≈.≈..⌠.⌠..≈≈
)≈≈≈≈≈......'..#.≈....≈..∩∩∩....
≈≈≈≈≈≈...o..'..#.≈.≈≈.≈..⌠.⌠..≈≈
≈≈≈≈≈...#####..#.≈≈.≈)≈≈≈...≈≈≈.
≈≈≈....≈≈ #..##.≈.≈≈.)≈≈≈≈≈..≈
.......≈.≈ #..⌠#.≈≈.≈≈≈)))..≈≈≈
....⌠.≈≈.≈≈ #.oo#..≈≈..≈≈≈≈≈≈≈..
......≈c≈≈≈≈#..o#.⌠.≈≈≈.....).≈≈
....≈≈≈.≈≈≈≈#..@##....≈≈≈≈≈≈≈≈≈.
..≈≈≈..≈≈≈≈≈#....#####).........
#.......⌠##########'
##.....)))..........
##.......).........
##≈≈≈≈≈≈≈≈≈≈≈≈≈≈≈≈
#################


You could see an orc warrior and 2 orcs.

Vanquished Creatures
  Grinder (D:5)
  3 orc warriors (Bailey)
  An ice beast (D:7)
  A black bear (D:6)
  An ogre (D:6)
  3 centaurs
  3 big kobolds (Sewer)
  A bullfrog (D:7)
  11 scorpions
  A crimson imp (D:6)
  2 centaur zombies (Ossuary)
  A human zombie (Ossuary)
  An orc priest (D:3)
  2 hounds
  3 orc wizards
  An iguana (D:6)
  3 worker ants
  2 big kobold zombies (Ossuary)
  A hound skeleton (D:5)
  A hound zombie (D:5)
  3 mummies (Ossuary)
  7 gnolls
  10 adders
  2 river rats (Sewer)
  6 scorpion zombies (Ossuary)
  7 oozes
  8 worms
  2 dart slugs
  6 leopard geckos
  27 orcs
  4 ball pythons
  5 giant cockroaches
  5 goblins
  9 hobgoblins
  2 jackals (D:3)
  6 quokkas
  7 bats
  7 frilled lizards
  2 gnoll zombies (Ossuary)
  3 goblin zombies (Ossuary)
  2 hobgoblin zombies (Ossuary)
  A jackal zombie (D:5)
  12 kobolds
  3 kobold zombies (Ossuary)
  A quokka zombie (D:5)
  7 rats
197 creatures vanquished.

Vanquished Creatures (others)
  An orc warrior (Bailey)
  An orc (Bailey)
  A hobgoblin zombie (Ossuary)
3 creatures vanquished.

Grand Total: 200 creatures vanquished

Notes
Turn   | Place    | Note
-------+----------+-------------------------------------------
     0 | Abyss:1  | Gargoyl the Draconian Abyssal Knight began the quest for the Orb.
     0 | Abyss:1  | Reached XP level 1. HP: 19/19 MP: 2/2
    62 | Abyss:1  | Noticed a small abomination
    62 | D:1      | Escaped the Abyss
   420 | D:1      | Reached * piety under Lugonu
   438 | D:1      | Reached XP level 2. HP: 25/26 MP: 3/3
  1077 | D:2      | Reached XP level 3. HP: 32/33 MP: 4/4
  1414 | D:1      | Reached skill level 1 in Stealth
  1478 | D:2      | Reached XP level 4. HP: 10/40 MP: 5/5
  2394 | D:2      | Reached ** piety under Lugonu
  2394 | D:2      | Reached skill level 3 in Axes
  2654 | D:3      | Found a sacrificial altar of Ru.
  2663 | D:3      | Reached XP level 5. HP: 46/46 MP: 7/7
  3225 | D:3      | Found a shimmering altar of Xom.
  3396 | D:3      | Reached XP level 6. HP: 51/52 MP: 8/8
  3579 | D:4      | Reached skill level 4 in Axes
  3655 | D:4      | Found a bloodstained altar of Trog.
  4299 | D:5      | Entered Level 5 of the Dungeon
  4300 | D:5      | Found a sand-covered staircase.
  4427 | Ossuary  | Entered an ossuary
  4475 | Ossuary  | Your scales start taking on a dull iron-grey colour.
  4475 | Ossuary  | Reached XP level 7. HP: 40/60 MP: 9/9
  4475 | Ossuary  | Gained mutation: You can survive without breathing. [Grey Draconian growth]
  4527 | Ossuary  | Reached skill level 5 in Axes
  4647 | Ossuary  | Reached *** piety under Lugonu
  5109 | Ossuary  | Reached skill level 6 in Axes
  5399 | Ossuary  | Reached XP level 8. HP: 44/67 MP: 11/11
  5544 | D:5      | Noticed Grinder
  5560 | D:5      | Killed Grinder
  5709 | D:5      | Found a hazy altar of Hepliaklqana.
  6039 | D:5      | Found a shattered altar of Ashenzari.
  6199 | D:5      | Reached skill level 5 in Dodging
  6349 | D:6      | Reached skill level 7 in Axes
  6470 | D:6      | Reached skill level 5 in Fighting
  6547 | D:6      | Got a twitching amethyst amulet
  6548 | D:6      | Identified the amulet "Piuje" {Faith rF+ rC++ Str+2} (You found it on level 6 of the Dungeon)
  6573 | D:6      | Reached **** piety under Lugonu
  6703 | D:6      | Found a glowing drain.
  6724 | Sewer    | Entered a sewer
  6992 | Sewer    | Reached skill level 5 in Invocations
  7152 | Sewer    | Reached XP level 9. HP: 74/74 MP: 12/12
  7458 | D:6      | Found a staircase to the Ecumenical Temple.
  7460 | D:6      | Found a faded altar of an unknown god.
  7729 | D:7      | Found a flagged portal.
  7751 | D:7      | Reached skill level 8 in Axes
  7759 | Bailey   | Entered a bailey
  8599 | Bailey   | HP: 2/74 [orc warrior/trident (18)]
  8607 | Bailey   | Slain by an orc warrior

Skill      XL: |  1  2  3  4  5  6  7  8  9 |
---------------+----------------------------+-----
Stealth        | 1 2 4 |  4.4
Fighting       | 4 5 |  5.5
Dodging        | 3 4 5 6 |  6.1
Axes           | 3 4 6 7 8 |  8.4
Invocations    | 3 4 5 |  5.7
Throwing       | |  0.1

Action                   |  1- 3 |  4- 6 |  7- 9 || total
-------------------------+-------+-------+-------++-------
Melee: Hand axe          |    91 |   175 |       ||   266
       Tailslap          |     4 |    18 |    54 ||    76
       War axe           |       |    37 |   332 ||   369
Throw: Javelin           |       |       |     2 ||     2
Invok: Depart the Abyss  |     1 |       |       ||     1
       Banish            |       |       |     2 ||     2
  Use: Scroll            |     6 |     7 |     9 ||    22
       Potion            |       |       |     5 ||     5
 Stab: Sleeping          |     1 |     1 |    10 ||    12
  Eat: Chunk             |     9 |    12 |     7 ||    28
Armor: Skin              |    30 |    65 |   149 ||   244
Dodge: Dodged            |    80 |   176 |   360 ||   616
